 Dungeon Crawl Stone Soup version 0.17.0-28-g6e173f8 (webtiles) character file.

147877 Redz the Fighter (level 17, -17/108 HPs)
             Began as a Gargoyle Warper on Nov 28, 2015.
             Was the Champion of Okawaru.
             Killed from afar by a Hell Sentinel (62 damage)
             ... with an iron shot
             ... summoned by a deep elf demonologist
             ... on level 3 of the Elven Halls.
             The game lasted 03:30:18 (40401 turns).

Redz the Fighter (Gargoyle Warper)                 Turns: 40401, Time: 03:30:48

Health: -17/108    AC: 27    Str: 21    XL:     17   Next: 47%
Magic:  0/32       EV: 19    Int: 20    God:    Okawaru [******]
Gold:   3398       SH: 17    Dex: 15    Spells: 7 memorised, 20 levels left

rFire  . . .     SeeInvis .     n - +6 shillelagh "Devastator" {shatter}
rCold  . . .     Clarity  +     N - +1 troll leather armour
rNeg   + + .     SustAt   .     M - +2 shield
rPois  ∞         Gourm    .     K - +1 hat
rElec  +         Spirit   +     L - +0 cloak
rCorr  .         Warding  .     w - +2 pair of gloves
rMut   .         Stasis   .     H - +1 pair of boots {Stlth+}
MR     ++...                    t - amulet of guardian spirit
Stlth  ++++++....               b - ring of Erphoim {rN+ MR+ Str+3 Dex+3}
                                y - ring of Summertime {EV-2 Int+2 Dex+3} (curse)

@: heroism, flying, very resistant to hostile enchantments, very stealthy
A: big wings, beak, clarity, deformed body, deterioration 1, negative energy
resistance 1, electricity resistance, slow regeneration 1, unbreathing,
petrification resistance, rot immunity, AC +12
a: Stop Flying, Heroism, Finesse, Renounce Religion


You were on level 3 of the Elven Halls.
You worshipped Okawaru.
Okawaru was exalted by your worship.
You were hungry.

You visited 4 branches of the dungeon, and saw 30 of its levels.
You visited the Abyss 1 time.
You also visited: Volcano.

You collected 4344 gold pieces.
You spent 946 gold pieces at shops.

Inventory:

Hand Weapons
 n - the +6 shillelagh "Devastator" (weapon) {shatter}
   (Okawaru gifted it to you on level 15 of the Dungeon)
 Q - the +8 eveningstar "Habbergh" {crush, rF+}
   (Okawaru gifted it to you on level 14 of the Dungeon)

   It inflicts extra damage upon your enemies.
   It protects you from fire.
 W - the cursed +3 falchion of Revolt {distort, +Blink rN+, unknown}
   (You found it on level 2 of the Abyss)

   It warps and distorts space around it.
   Unwielding it can cause banishment or high damage.
   It protects you from negative energy.
   It lets you blink.
   It has a curse placed upon it.
Missiles
 e - a tomahawk of dispersal (quivered)
Armour
 c - the +1 helmet "Wibuenliar" {*Contam rPois rF++ Str+2}
   (You found it on level 5 of the Lair of Beasts)

   It affects your strength (+2).
   It greatly protects you from fire.
   It protects you from poison.
   It causes magical contamination when unequipped.
 w - a +2 pair of gloves (worn)
 H - a +1 pair of boots of stealth (worn)
 K - a +1 hat (worn)
 L - a +0 cloak (worn)
 M - a +2 shield (worn)
 N - a +1 troll leather armour (worn)
Jewellery
 b - the ring of Erphoim (right hand) {rN+ MR+ Str+3 Dex+3}
   (You bought it in a shop on level 13 of the Dungeon)

   [ring of protection from magic]

   It affects your strength (+3).
   It affects your dexterity (+3).
   It protects you from negative energy.
   It affects your resistance to hostile enchantments.
 k - an uncursed ring of protection from fire
 t - an amulet of guardian spirit (around neck)
 v - an uncursed amulet of clarity
 y - the cursed ring of Summertime (left hand) {EV-2 Int+2 Dex+3}
   (You found it on level 5 of the Lair of Beasts)

   [ring of evasion]

   It affects your evasion (-2).
   It affects your intelligence (+2).
   It affects your dexterity (+3).
   It has a curse placed upon it.
 G - an uncursed ring of protection from magic {unknown}
 I - an uncursed ring of see invisible
 R - the amulet "Quedejum" {rMut rC++}
   (You found it on level 2 of the Elven Halls)

   [amulet of resist mutation]

   It protects you from mutation.
   It greatly protects you from cold.
Wands
 r - a wand of confusion (22)
 x - a wand of cold (3)
 B - a wand of draining (8)
 D - a wand of heal wounds (7)
 E - a wand of digging (10)
 J - a wand of disintegration (10)
 P - a wand of teleportation (5)
 U - a wand of fire (6)
Scrolls
 h - 3 scrolls of magic mapping
 j - 2 scrolls of recharging
 l - 16 scrolls of identify
 m - a scroll of fog
 o - 6 scrolls of teleportation
 p - 2 scrolls of amnesia
 s - 13 scrolls of remove curse
 z - 2 scrolls of fear
 T - a scroll of enchant weapon
Potions
 a - 4 potions of might
 g - 6 potions of curing
 A - 4 potions of agility
 O - 2 potions of haste
 V - a potion of brilliance
Books
 C - an Akashic Record

   Spells                             Type                      Level
   a - Dispersal                      Translocation                6
   b - Malign Gateway                 Summoning/Translocation      7
   c - Disjunction                    Translocation                8
   d - Controlled Blink               Translocation                8
 S - a book of Ice

   Spells                             Type                      Level
   a - Ice Form                       Ice/Transmutation            4
   b - Metabolic Englaciation         Hexes/Ice                    5
   c - Ozocubu's Refrigeration        Ice                          6
   d - Bolt of Cold                   Conjuration/Ice              6
   e - Freezing Cloud                 Conjuration/Ice/Air          6
   f - Simulacrum                     Ice/Necromancy               6
Miscellaneous
 i - a legendary deck of wonders
Comestibles
 d - 6 royal jellies
 f - 14 bread rations
 q - 5 fruits
 u - 8 beef jerkies
 F - 7 meat rations


   Skills:
 + Level 13.1(18.1) Fighting
 + Level 10.4(15.4) Maces & Flails
 - Level 0.8(5.8) Throwing
 + Level 11.3(16.3) Armour
 + Level 8.7(13.7) Dodging
 + Level 11.1(16.1) Stealth
 * Level 11.8(16.8) Shields
 * Level 11.6 Spellcasting
 + Level 4.3 Summonings
 * Level 11.9 Translocations


You had 20 spell levels left.
You knew the following spells:

 Your Spells              Type           Power        Failure   Level  Hunger
a - Apportation           Tloc           ######....   1%          1    None
b - Blink                 Tloc           N/A          1%          2    None
c - Shroud of Golubria    Chrm/Tloc      #####.....   1%          2    None
d - Passage of Golubria   Tloc           N/A          1%          4    #......
e - Summon Butterflies    Summ           ####....     1%          1    None
f - Teleport Other        Tloc           ######..     1%          3    None
g - Dispersal             Tloc           ######....   10%         6    ######.


Dungeon Overview and Level Annotations

Branches:
Dungeon (15/15)            Temple (0/1) D:6            Lair (8/8) D:11
  Swamp (0/4) Lair:5        Snake (0/4) Lair:3        Slime (0/6) Lair:7
    Orc (4/4) D:12            Elf (3/3) Orc:3        Vaults (0/5) D:14
 Depths (0/5) D:15

Altars:
Ashenzari
Cheibriados
Dithmenos
Elyvilon
Fedhas
Gozag
Kikubaaqudgha
Makhleb
Nemelex Xobeh
Okawaru
Ru
Sif Muna
Trog
Xom
Yredelemnul
Zin
Beogh
Jiyva

Shops:
D:5 :   D:13 =   Orc:1 [([:=   Orc:4 ([*:

Annotations:
Lair:6 exclusion: ice statue, Rupert
Elf:2 5 runed doors, exclusion: 5 doors


Innate Abilities, Weirdness & Mutations

You are resistant to torment.
Your stone body is resilient (AC +12).
You are immune to poison.
Your large and strong wings let you fly indefinitely.
You resist negative energy.
You are resistant to electric shocks.
You can survive without breathing.
You are immune to petrification.
You are immune to rotting.
You have a beak for a mouth.
You possess an exceptional clarity of mind.
Armour fits poorly on your strangely shaped body.
Your body sometimes deteriorates upon taking damage.
You regenerate slowly when monsters are visible.


Message History

You bludgeon the deep elf master archer!!
There is a shattering impact!
You kill the deep elf master archer!
Okawaru is honoured by your kill.
The orange demon is heavily wounded.
The soul eater is lightly wounded.
The deep elf sorcerer is severely wounded.
You sock the deep elf sorcerer!
The deep elf sorcerer, the crawling corpse and the soul eater shudder.
You kill the deep elf sorcerer!
Okawaru accepts your kill.
You feel your intelligence returning.
You destroy the crawling corpse!
The soul eater is moderately wounded.
The orange demon disappears in a puff of smoke!
You block the soul eater's attack. The Hell Sentinel gestures at you.
The iron shot hits you!
Ouch! That really hurt!
You die...

#.# #####
#.# #...:
#.# #.###
##########.#
#x.........#
#.)#######.#
#(x# ###
#x)# #@)#
#)3# #4§#
#e$#


ee41 # eee4. . .e4.. # e...... You could see a Hell Sentinel, 3 deep elf
annihilators, 2 deep elf sorcerers, a soul eater, 2 deep elf demonologists, 2
orange demons, a deep elf high priest, a sixfirhy, a blue devil and a small
abomination.

Vanquished Creatures
  Nikola (Elf:1)
  2 deep elf master archers (Elf:3)
  An orc warlord (Orc:1)
  Aizul (Elf:1)
  10 deep elf sorcerers (Elf:3)
  3 deep elf demonologists
  A deep elf annihilator (Elf:1)
  A salamander stormcaller (D:12)
  An ettin (D:12)
  Snorg (Lair:6)
  A deep elf death mage (Elf:3)
  A quicksilver dragon zombie (D:15)
  Josephine (Orc:4)
  A deep elf high priest (Elf:1)
  2 fire dragons (D:14)
  Erolcha (D:11)
  2 centaur warriors
  2 hydras
  4 catoblepae
  4 dancing weapons (Elf:2)
  8 death yaks (Lair:8)
  An ogre mage (D:12)
  3 orc high priests (Orc:4)
  2 skeletal warriors (D:15)
  10 deep elf knights
  An unseen horror (shapeshifter) (D:14)
  An iron troll (D:14)
  4 hill giants
  A flayed ghost (Abyss:2)
  7 deep elf summoners
  A necromancer (D:15)
  Pikel (D:8)
  2 phantasmal warriors (D:14)
  9 ugly things
  2 orc knights (Orc:4)
  11 deep elf conjurers
  6 orc sorcerers
  3 manticores
  7 cyclopes
  19 elephants
  A black mamba (Lair:7)
  3 griffons
  A black mamba (shapeshifter) (D:15)
  2 molten gargoyles (Lair:4)
  A torpor snail (Lair:7)
  A gargoyle (D:12)
  14 spiny frogs
  A komodo dragon (shapeshifter) (D:14)
  9 komodo dragons
  A redback zombie (D:12)
  4 trolls
  7 deep elf priests (Elf:1)
  2 large abominations (Abyss:2)
  2 efreet
  A yaktaur (D:15)
  A queen bee (D:8)
  2 fire drakes
  A spriggan druid (Lair:8)
  5 polar bears
  3 two-headed ogres
  9 blink frogs
  3 boulder beetles
  A spriggan zombie (D:15)
  12 spriggans (Lair:8)
  15 deep elf magi
  9 slime creatures (D:15)
  A trapdoor spider (D:14)
  A shadow (D:12)
  6 wraiths
  5 redbacks (Lair:8)
  A deep troll skeleton (D:15)
  3 basilisks
  A basilisk (shapeshifter) (D:14)
  4 vampire mosquitoes (D:15)
  Eustachio (D:5)
  A wyvern (Lair:8)
  A harpy simulacrum (D:14)
  3 mottled dragons
  7 fire bats (Volcano)
  2 steam dragons
  59 yaks
  A hungry ghost (D:10)
  17 deep elf fighters
  17 wolves
  11 hippogriffs
  A hell hound (Volcano)
  2 soldier ants
  4 wargs
  20 water moccasins
  11 porcupines
  3 phantoms
  3 necrophages
  12 ogres
  22 orc warriors
  3 wasps (Lair:8)
  5 ice beasts
  2 eyes of draining (D:14)
  8 black bears
  6 sky beasts
  16 crocodiles
  10 centaurs
  Blork the orc (D:4)
  2 wyvern zombies
  3 big kobolds
  A gnoll sergeant (D:8)
  A brain worm (Lair:4)
  A water moccasin zombie (D:9)
  13 giant frogs
  7 scorpions
  A troll zombie (D:8)
  29 killer bees
  3 electric eels
  7 wights
  9 crimson imps
  3 human zombies
  3 giant frog zombies
  4 jellies
  28 orc priests
  3 hounds
  4 giant frog skeletons
  3 centaur skeletons
  A human skeleton (D:8)
  39 orc wizards
  10 worker ants
  27 sheep
  6 iguanas
  An ogre zombie (D:8)
  2 mummies (D:8)
  2 hound zombies
  12 gnolls
  87 river rats
  16 adders
  5 shadow imps
  5 oozes
  2 adder zombies (D:6)
  4 worms
  6 giant geckos
  195 orcs
  9 giant cockroaches
  12 hobgoblins
  11 jackals
  9 quokkas
  13 bats
  2 giant gecko zombies
  8 giant newts
  7 goblins
  A jackal zombie (D:6)
  19 kobolds
  An orc zombie (D:8)
  A quokka skeleton (D:4)
  8 rats
  A bush (D:14)
  A crawling corpse (Elf:3)
  A fungus (Lair:8)
1171 creatures vanquished.

Vanquished Creatures (others)
  A black mamba (Lair:5)
  A yak (D:8)
  2 slaves (D:8)
  A crocodile (Lair:8)
  A wight (D:13)
  A jelly (D:8)
  A gnoll (D:8)
  5 orcs
  A quokka (D:9)
  47 fungi
  29 plants
  4 starspawn tentacle segments (Abyss:1)
94 creatures vanquished.

Grand Total: 1265 creatures vanquished

Notes
Turn   | Place    | Note
--------------------------------------------------------------
     0 | D:1      | Redz the Gargoyle Warper began the quest for the Orb.
     0 | D:1      | Reached XP level 1. HP: 12/12 MP: 3/3
   380 | D:1      | Reached XP level 2. HP: 6/18 MP: 5/5
   384 | D:1      | Learned a level 2 spell: Blink
   387 | D:1      | Learned a level 2 spell: Shroud of Golubria
   946 | D:2      | Reached skill level 1 in Stealth
   965 | D:2      | Reached XP level 3. HP: 19/22 MP: 6/6
  1045 | D:2      | HP: 1/22 [adder (2)]
  1891 | D:2      | Reached XP level 4. HP: 24/27 MP: 7/7
  2354 | D:2      | Reached skill level 3 in Translocations
  2432 | D:2      | Found a burning altar of Makhleb.
  2719 | D:2      | Reached XP level 5. HP: 32/32 MP: 8/8
  3024 | D:4      | Noticed Blork the orc
  3230 | D:3      | Found a basalt altar of Yredelemnul.
  3284 | D:3      | Found a deep blue altar of Sif Muna.
  3927 | D:3      | Found a sparkling altar of Nemelex Xobeh.
  4405 | D:5      | Entered Level 5 of the Dungeon
  4441 | D:5      | Reached XP level 6. HP: 37/37 MP: 9/9
  4446 | D:5      | Noticed a centaur
  4475 | D:5      | Noticed a centaur
  4561 | D:4      | Noticed a black bear
  4581 | D:4      | Found a sparkling altar of Nemelex Xobeh.
  4582 | D:4      | Noticed an ogre
  4594 | D:4      | Killed a black bear
  4959 | D:4      | Killed an ogre
  4959 | D:4      | Reached skill level 4 in Fighting
  5375 | D:4      | Killed Blork the orc
  5375 | D:4      | Reached XP level 7. HP: 13/43 MP: 8/11
  5594 | D:4      | Noticed a phantom
  5617 | D:4      | Killed a phantom
  5845 | D:5      | Noticed a sky beast
  5855 | D:5      | Killed a sky beast
  5920 | D:5      | Killed a centaur
  6002 | D:5      | Noticed Eustachio
  6078 | D:5      | Found Kiluoqarch's Book Shop.
  6606 | D:5      | Found an iron altar of Okawaru.
  6607 | D:5      | Found a sacrificial altar of Ru.
  6607 | D:5      | Found an opulent altar of Gozag.
  6623 | D:5      | Reached XP level 8. HP: 39/48 MP: 12/12
  6652 | D:5      | Became a worshipper of Warmaster Okawaru
  6670 | D:5      | Reached skill level 5 in Fighting
  6811 | D:5      | Killed Eustachio
  7109 | D:5      | Reached * piety under Okawaru
  7200 | D:6      | Found a staircase to the Ecumenical Temple.
  7215 | D:6      | Reached skill level 5 in Maces & Flails
  7732 | D:7      | Killed a centaur
  7770 | D:7      | Reached XP level 9. HP: 53/55 MP: 14/14
  7872 | D:7      | Found a snail-covered altar of Cheibriados.
  7872 | D:7      | Found a bloodstained altar of Trog.
  7902 | D:7      | Reached skill level 6 in Fighting
  7980 | D:7      | Reached ** piety under Okawaru
  7990 | D:7      | Found a shimmering altar of Xom.
  7999 | D:7      | Found a shimmering altar of Xom.
  7999 | D:7      | Found a shimmering altar of Xom.
  8007 | D:7      | Found a shimmering altar of Xom.
  8237 | D:7      | Reached skill level 5 in Translocations
  8252 | D:7      | Learned a level 4 spell: Passage of Golubria
  8944 | D:8      | Found a shattered altar of Ashenzari.
  9305 | D:8      | Reached skill level 7 in Fighting
  9402 | D:8      | Reached *** piety under Okawaru
  9402 | D:8      | Reached skill level 5 in Stealth
  9622 | D:8      | Noticed Pikel
  9717 | D:8      | Reached skill level 5 in Armour
  9737 | D:8      | Found an ancient bone altar of Kikubaaqudgha.
  9875 | D:8      | Reached XP level 10. HP: 59/63 MP: 14/16
 10056 | D:8      | Killed Pikel
 10154 | D:8      | Reached **** piety under Okawaru
 10467 | D:8      | Reached skill level 5 in Spellcasting
 10635 | D:9      | Found a white marble altar of Elyvilon.
 11227 | D:9      | Reached skill level 8 in Fighting
 12376 | D:9      | Found a glowing silver altar of Zin.
 12544 | D:9      | Learned a level 3 spell: Passwall
 12887 | D:10     | Entered Level 10 of the Dungeon
 13165 | D:10     | Noticed a cyan ugly thing
 13261 | D:10     | Reached XP level 11. HP: 69/69 MP: 19/19
 13933 | D:10     | Killed a cyan ugly thing
 13933 | D:10     | Reached ***** piety under Okawaru
 14203 | D:11     | Noticed a hill giant
 14832 | D:9      | Reached skill level 9 in Fighting
 15175 | D:11     | Got an ancient long sword
 15206 | D:11     | Identified the +11 long sword of Internal Strife {drain, rElec} (You found it on level 11 of the Dungeon)
 15232 | D:11     | Found a staircase to the Lair.
 15794 | D:11     | Noticed a hill giant
 16213 | D:10     | Killed a hill giant
 16611 | D:11     | Received a gift from Okawaru
 16614 | D:11     | Got a fine trident {god gift}
 16628 | D:11     | Identified the +0 trident "Jenk" {antimagic, rPois} (Okawaru gifted it to you on level 11 of the Dungeon)
 16701 | D:11     | Reached skill level 5 in Dodging
 17536 | D:11     | Noticed a hill giant
 17631 | D:11     | Noticed Erolcha
 17877 | D:11     | Killed a hill giant
 18268 | D:12     | Found a staircase to the Orcish Mines.
 18281 | D:12     | Noticed an ettin
 18355 | D:12     | Reached XP level 12. HP: 70/77 MP: 19/22
 18389 | D:12     | Found a shadowy altar of Dithmenos.
 18517 | D:12     | Reached skill level 10 in Fighting
 18679 | D:12     | Noticed an ogre mage
 18692 | D:12     | Killed an ogre mage
 18806 | D:12     | Noticed a salamander stormcaller
 18826 | D:12     | Killed a salamander stormcaller
 19127 | D:13     | Noticed a centaur warrior
 19612 | D:12     | Reached ****** piety under Okawaru
 19650 | D:12     | Received a gift from Okawaru
 19764 | D:12     | Killed an ettin
 19936 | D:13     | Found Ytrutul's Jewellery Emporium.
 19939 | D:13     | Bought the ring of Erphoim {rN+ MR+ Str+3 Dex+3} for 634 gold pieces
 19939 | D:13     | Bought an uncursed ring of see invisible for 195 gold pieces
 20094 | D:13     | Killed a centaur warrior
 20564 | D:13     | Noticed a catoblepas
 20587 | D:13     | Killed a catoblepas
 20841 | D:13     | Reached skill level 11 in Fighting
 20848 | D:13     | Learned a level 1 spell: Summon Butterflies
 20853 | D:13     | Learned a level 3 spell: Teleport Other
 20945 | Lair:1   | Entered Level 1 of the Lair of Beasts
 21298 | Lair:2   | Noticed a four-headed hydra
 21318 | Lair:2   | Killed a four-headed hydra
 21318 | Lair:2   | Reached XP level 13. HP: 39/84 MP: 9/25
 22841 | Lair:3   | Received a gift from Okawaru
 23572 | Lair:3   | Found a staircase to the Snake Pit.
 24210 | Lair:4   | Identified the Almanac of Ashen Attacks
 24811 | Lair:5   | Got a fine lead ring
 24819 | Lair:5   | Identified the cursed ring of Summertime {EV-2 Int+2 Dex+3} (You found it on level 5 of the Lair of Beasts)
 24920 | Lair:5   | Got a heavily runed helmet
 24945 | Lair:5   | Received a gift from Okawaru
 25152 | Lair:5   | Identified the +1 helmet "Wibuenliar" {*Contam rPois rF++ Str+2} (You found it on level 5 of the Lair of Beasts)
 25333 | Lair:5   | Found a staircase to the Swamp.
 25371 | Lair:5   | Reached skill level 1 in Shields
 25538 | Lair:5   | Gained mutation: Your large and strong wings let you fly indefinitely. [Gargoyle growth]
 25538 | Lair:5   | Reached XP level 14. HP: 63/91 MP: 17/26
 25639 | Lair:4   | Reached skill level 5 in Shields
 26380 | Lair:6   | Noticed Snorg
 26493 | Lair:6   | Noticed Rupert
 26542 | Lair:6   | Killed Snorg
 26831 | Lair:7   | Found a runed door.
 26831 | Lair:7   | Found a viscous altar of Jiyva.
 26832 | Lair:7   | Found a staircase to the Slime Pits.
 26974 | Lair:7   | Gained mutation: Your body sometimes deteriorates upon taking damage. [potion of mutation]
 26974 | Lair:7   | Gained mutation: Armour fits poorly on your strangely shaped body. [potion of mutation]
 26974 | Lair:7   | Gained mutation: You have a beak for a mouth. [potion of mutation]
 26990 | Lair:7   | Gained mutation: You regenerate slowly when monsters are visible. [mutagenic glow]
 27253 | Lair:6   | Learned a level 6 spell: Dispersal
 27687 | Lair:8   | Entered Level 8 of the Lair of Beasts
 28103 | Lair:7   | Received a gift from Okawaru
 28222 | Lair:8   | Got an iridescent hand axe
 28229 | Lair:7   | Identified the +6 hand axe of Zohaydeo {elec, rC- Str+2 Dex+2} (You found it on level 8 of the Lair of Beasts)
 28231 | Lair:7   | Gained mutation: You possess an exceptional clarity of mind. [potion of beneficial mutation]
 28403 | Lair:8   | Received a gift from Okawaru
 29073 | Lair:8   | Reached skill level 12 in Fighting
 29330 | Lair:8   | Reached XP level 15. HP: 32/96 MP: 1/28
 29625 | Lair:8   | Reached skill level 10 in Translocations
 29776 | Lair:8   | Reached skill level 10 in Armour
 30054 | Lair:8   | Received a gift from Okawaru
 30196 | Lair:8   | Reached skill level 10 in Spellcasting
 30501 | D:11     | Killed Erolcha
 30583 | Orc:1    | Entered Level 1 of the Orcish Mines
 30602 | Orc:1    | Found Iggoif's Armour Boutique.
 30669 | Orc:1    | Found Vexoip's Book Shoppe.
 30804 | Orc:1    | Found Peogiuli's Antique Weapon Shop.
 30836 | Orc:1    | Found Jeor's Armour Boutique.
 31299 | Orc:3    | Found a staircase to the Elven Halls.
 31392 | Orc:1    | Found Eceivix's Jewellery Shop.
 32256 | Orc:4    | Entered Level 4 of the Orcish Mines
 32459 | Orc:4    | Found a dark tunnel.
 32464 | Volcano  | Entered a volcano
 33136 | Orc:4    | Reached skill level 10 in Stealth
 33322 | Orc:4    | Paralysed by an orc sorcerer for 3 turns
 33756 | Orc:2    | Found a roughly hewn altar of Beogh.
 34597 | Orc:4    | Reached skill level 1 in Summonings
 34639 | Orc:4    | Noticed Josephine
 34662 | Orc:4    | Killed Josephine
 34878 | Orc:4    | Found Omnixzoik's General Store.
 34902 | Orc:4    | Found Vodwumpe's Book Shop.
 34903 | Orc:4    | Found Pimny's Antique Armour Shop.
 34903 | Orc:4    | Found Guanomah's Antique Weapon Boutique.
 34907 | Orc:4    | Bought a pair of embroidered boots for 117 gold pieces
 35473 | D:14     | Received a gift from Okawaru
 35474 | D:14     | Got an encrusted eveningstar {god gift}
 35569 | D:13     | Identified the +8 eveningstar "Habbergh" {crush, rF+} (Okawaru gifted it to you on level 14 of the Dungeon)
 35939 | D:14     | Reached skill level 10 in Shields
 36226 | D:14     | Found a gate to the Vaults.
 36385 | D:14     | Reached XP level 16. HP: 101/103 MP: 30/30
 36386 | D:14     | Found a blossoming altar of Fedhas.
 36454 | D:15     | Entered Level 15 of the Dungeon
 36971 | D:15     | Found a staircase to the Depths.
 37235 | D:15     | Received a gift from Okawaru
 37734 | Elf:1    | Entered Level 1 of the Elven Halls
 37751 | Elf:1    | Reached skill level 10 in Maces & Flails
 37957 | Elf:1    | Noticed Aizul
 37960 | Elf:1    | Noticed Nikola
 37973 | Elf:1    | Killed Aizul
 38012 | Elf:1    | Killed Nikola
 38197 | Elf:1    | Received a gift from Okawaru
 38866 | Elf:1    | Received a gift from Okawaru
 39052 | Elf:2    | Got a fine amethyst amulet
 39055 | Elf:2    | Identified the amulet "Quedejum" {rMut rC++} (You found it on level 2 of the Elven Halls)
 39378 | Elf:2    | Found a huge runed gate.
 39378 | Elf:2    | Found a huge runed gate.
 39379 | Elf:2    | Found a huge runed gate.
 39380 | Elf:2    | Found a huge runed gate.
 39382 | Elf:2    | Found a huge runed gate.
 39443 | Elf:3    | Entered Level 3 of the Elven Halls
 39690 | Elf:3    | Reached XP level 17. HP: 108/108 MP: 32/32
 39948 | Elf:3    | Noticed a Shadow Fiend
 39957 | Elf:3    | Cast into the Abyss (a deep elf sorcerer)
 40047 | Abyss:1  | Noticed a bone dragon
 40058 | Abyss:2  | Identified a scroll of acquirement
 40321 | Abyss:2  | Got an iridescent falchion
 40374 | Elf:3    | Escaped the Abyss
 40377 | Elf:3    | Noticed a deep elf master archer
 40382 | Elf:3    | Reached skill level 13 in Fighting
 40385 | Elf:3    | Received a gift from Okawaru
 40386 | Elf:3    | Noticed a deep elf master archer
 40390 | Elf:3    | Killed a deep elf master archer
 40400 | Elf:3    | Noticed a Hell Sentinel
 40400 | Elf:3    | Killed a deep elf master archer
 40401 | Elf:3    | Killed from afar by a Hell Sentinel

Action                   |  1- 3 |  4- 6 |  7- 9 | 10-12 | 13-15 | 16-18 || total
-------------------------+-------+-------+-------+-------+-------+-------++-------
Melee: Mace              |   149 |   273 |       |       |       |       ||   422
       Flail             |       |    63 |   638 |   795 |   321 |       ||  1817
       Dire flail        |       |       |       |   579 |  2405 |       ||  2984
       Eveningstar       |       |       |       |       |   101 |   247 ||   348
       Shillelagh        |       |       |       |       |       |   342 ||   342
Throw: Tomahawk          |       |     4 |       |       |       |       ||     4
 Cast: Shroud of Golubri |       |     4 |     2 |    31 |     3 |       ||    40
       Blink             |       |     3 |       |       |       |       ||     3
       Passage of Golubr |       |       |       |    45 |    41 |    10 ||    96
       Teleport Other    |       |       |       |       |     3 |       ||     3
Invok: Heroism           |       |       |       |     6 |    11 |     1 ||    18
 Abil: Fly               |       |       |       |       |     1 |       ||     1
Evoke: Wand              |       |       |       |     9 |    16 |       ||    25
  Use: Scroll            |     4 |     3 |     5 |    15 |    13 |     6 ||    46
       Potion            |     3 |     1 |     8 |     5 |     9 |     2 ||    28
 Stab: Sleeping          |       |     3 |     8 |    10 |    56 |    11 ||    88
       Distracted        |       |       |     3 |     1 |    11 |       ||    15
       Confused          |       |       |       |     5 |     1 |       ||     6
  Eat: Chunk             |     3 |    11 |    15 |    35 |    63 |    15 ||   142
       Royal jelly       |       |       |     1 |     3 |       |       ||     4
       Fruit             |       |       |       |     2 |       |     2 ||     4
       Meat ration       |       |       |       |     2 |       |       ||     2
       Pizza             |       |       |       |       |     1 |       ||     1
